 Dungeon Crawl Stone Soup version 0.26-a0-591-g04f19ec95a (webtiles) character file.

Game seed: 16435181245420954458

739 Gargoyl the Skirmisher (level 7, -1/60 HPs)
             Began as a Gnoll Abyssal Knight on Aug 24, 2020.
             Was a Priest of Lugonu.
             Slain by an ogre
             ... wielding a cursed -2 giant club
              (12 damage)
             ... on level 4 of the Dungeon.
             The game lasted 00:04:38 (4760 turns).

Gargoyl the Skirmisher (Gnoll Abyssal Knight)       Turns: 4760, Time: 00:04:39

Health: -1/60      AC: 13    Str: 17    XL:     7   Next: 75%
Magic:  11/11      EV:  9    Int: 14    God:    Lugonu [***...]
Gold:   287        SH:  0    Dex: 14    Spells: 11/11 levels left

rFire    . . .     SeeInvis .   a - +1 hand axe
rCold    . . .     Faith    .   (no shield)
rNeg     . . .     Spirit   .   h - +0 chain mail
rPois    .         Reflect  .   (no helmet)
rElec    .         Harm     .   (no cloak)
rCorr    .                      c - +2 pair of gloves
MR       .....                  (no boots)
Stlth    ..........             (no amulet)
HPRegen  0.20/turn              (no ring)
MPRegen  0.12/turn              (no ring)

@: no status effects
A: distributed training, fangs 1, strong nose
a: Depart the Abyss, Bend Space, Banish, Renounce Religion


You were on level 4 of the Dungeon.
You worshipped Lugonu.
Lugonu was most pleased with you.
You visited 1 branch of the dungeon, and saw 5 of its levels.
You visited the Abyss 1 time.

You collected 287 gold pieces.

Inventory:

Hand Weapons
 a - a +1 hand axe (weapon)
Missiles
 r - 2 javelins (quivered)
Armour
 c - a +2 pair of gloves (worn)
 h - a +0 chain mail (worn)
Wands
 q - a wand of flame (6)
 s - a wand of enslavement (10)
 t - a wand of disintegration (18)
Scrolls
 g - 3 scrolls of identify
 j - 2 scrolls of teleportation
 m - a scroll of immolation
 n - a scroll of enchant weapon {unknown}
Potions
 b - 2 potions of haste {unknown}
 d - a potion of might
 e - 2 potions of mutation {unknown}
 f - a potion of degeneration {unknown}
 i - 2 potions of curing {unknown}
 k - a potion of invisibility {unknown}
 l - 2 potions of brilliance {unknown}
 o - 2 potions of stabbing {unknown}
 p - a potion of flight {unknown}
 u - a potion of resistance {unknown}


   Skills:
 + Level 7.1 Fighting
 + Level 2.7 Short Blades
 + Level 2.7 Long Blades
 + Level 5.3 Axes
 + Level 2.7 Maces & Flails
 + Level 2.7 Polearms
 + Level 2.7 Staves
 + Level 2.7 Slings
 + Level 2.7 Bows
 + Level 2.7 Crossbows
 + Level 2.7 Throwing
 + Level 5.3 Armour
 + Level 3.8 Dodging
 + Level 2.7 Stealth
 + Level 2.7 Shields
 + Level 2.7 Unarmed Combat
 + Level 2.7 Spellcasting
 + Level 2.2 Conjurations
 + Level 2.2 Hexes
 + Level 2.2 Summonings
 + Level 2.2 Necromancy
 + Level 2.2 Translocations
 + Level 2.2 Transmutations
 + Level 2.2 Fire Magic
 + Level 2.2 Ice Magic
 + Level 2.2 Air Magic
 + Level 2.2 Earth Magic
 + Level 2.2 Poison Magic
 + Level 5.5 Invocations
 + Level 2.7 Evocations


You had 11 spell levels left.
You didn't know any spells.
Your spell library was empty.

Dungeon Overview and Level Annotations

Branches:
Dungeon (5/15)
 Temple: D:4-7

Altars:
Gozag
Kikubaaqudgha
Nemelex Xobeh
Okawaru
Sif Muna
Trog
Zin

Shops:
D:2 *


Innate Abilities, Weirdness & Mutations

Your experience applies equally to all skills.
You have very sharp teeth.
Your uncanny sense of smell can sniff out nearby items.


Message History

You hit the ogre but do no damage. The ogre hits you but does no damage.
You completely miss the ogre. Your bite misses the ogre.
The ogre barely misses you.
You hit the ogre. You bite the ogre, but do no damage.
The ogre is lightly wounded.
You slash the ogre!
The ogre is heavily wounded.
The ogre hits you with a cursed -2 giant club!!
You hit the ogre. You bite the ogre.
The ogre is severely wounded.
The ogre hits you with a cursed -2 giant club!
* * * LOW HITPOINT WARNING * * *
You hit the ogre. Your bite misses the ogre.
The ogre is severely wounded.
The ogre hits you with a cursed -2 giant club.
* * * LOW HITPOINT WARNING * * *
You hit the ogre.
The ogre is almost dead.
The ogre hits you with a cursed -2 giant club!
You die...

###....................
#...#..)......####.....
#.##.........###.......
#..<.##.....###..###...
###..######.........##.##
#.....# #............##
#.....# #.........#####
#.....#####........)#..>.
####...O@.............###
#.....##.........#####
#.....##.........#....
#.....#########..#....
#.....................
##################..##
####


You could see an ogre.

Vanquished Creatures
  2 ogres (D:4)
  A scorpion (D:4)
  A hound (D:4)
  An orc priest (D:4)
  3 orc wizards
  Jessica (D:3)
  Ijyb (D:3)
  Natasha (twice) (D:2)
  A worker ant (D:4)
  Terence (D:3)
  A hound skeleton (D:5)
  A worker ant zombie (D:3)
  3 gnolls (D:5)
  4 adders
  An ufetubus (Abyss:1)
  An ooze (D:1)
  An adder zombie (D:5)
  An adder skeleton (D:4)
  4 worms
  3 dart slugs
  5 leopard geckos
  19 orcs
  6 bats
  A giant cockroach (D:1)
  6 goblins
  2 hobgoblins (D:3)
  4 jackals (D:3)
  4 quokkas
  5 frilled lizards
  10 kobolds
  9 rats
105 creatures vanquished.

Vanquished Creatures (others)
  A bat (D:3)
  3 fungi (D:1)
4 creatures vanquished.

Grand Total: 109 creatures vanquished

Notes
Turn   | Place    | Note
-------+----------+-------------------------------------------
     0 | Abyss:1  | Gargoyl the Gnoll Abyssal Knight began the quest for the
                  | Orb.
     0 | Abyss:1  | Reached XP level 1. HP: 23/23 MP: 3/3
    22 | Abyss:1  | Found a shimmering altar of Xom.
    67 | Abyss:1  | Noticed a small abomination
    74 | Abyss:1  | Noticed a tentacled starspawn
    75 | D:1      | Escaped the Abyss
   285 | D:1      | Reached XP level 2. HP: 29/29 MP: 5/5
   580 | D:1      | Reached XP level 3. HP: 33/35 MP: 6/6
   632 | D:1      | Reached * piety under Lugonu
  1030 | D:2      | Found an iron altar of Okawaru.
  1030 | D:2      | Found a bloodstained altar of Trog.
  1031 | D:2      | Found an ancient bone altar of Kikubaaqudgha.
  1031 | D:2      | Found a sparkling altar of Nemelex Xobeh.
  1051 | D:2      | Found Zin's Purification Station.
  1051 | D:2      | Found a glowing silver altar of Zin.
  1235 | D:2      | Noticed Natasha
  1247 | D:2      | Killed Natasha
  1247 | D:2      | Reached skill level 1 in Short Blades
  1247 | D:2      | Reached skill level 1 in Long Blades
  1247 | D:2      | Reached skill level 1 in Maces & Flails
  1247 | D:2      | Reached skill level 1 in Polearms
  1247 | D:2      | Reached skill level 1 in Staves
  1247 | D:2      | Reached skill level 1 in Slings
  1247 | D:2      | Reached skill level 1 in Bows
  1247 | D:2      | Reached skill level 1 in Crossbows
  1247 | D:2      | Reached skill level 1 in Throwing
  1247 | D:2      | Reached skill level 1 in Stealth
  1247 | D:2      | Reached skill level 1 in Shields
  1247 | D:2      | Reached skill level 1 in Unarmed Combat
  1247 | D:2      | Reached skill level 1 in Spellcasting
  1247 | D:2      | Reached skill level 1 in Evocations
  1247 | D:2      | Reached XP level 4. HP: 11/41 MP: 7/7
  1630 | D:2      | Found a shimmering blue altar of Sif Muna.
  2012 | D:2      | Reached skill level 1 in Conjurations
  2012 | D:2      | Reached skill level 1 in Hexes
  2012 | D:2      | Reached skill level 1 in Summonings
  2012 | D:2      | Reached skill level 1 in Necromancy
  2012 | D:2      | Reached skill level 1 in Translocations
  2012 | D:2      | Reached skill level 1 in Transmutations
  2012 | D:2      | Reached skill level 1 in Fire Magic
  2012 | D:2      | Reached skill level 1 in Ice Magic
  2012 | D:2      | Reached skill level 1 in Air Magic
  2012 | D:2      | Reached skill level 1 in Earth Magic
  2012 | D:2      | Reached skill level 1 in Poison Magic
  2031 | D:2      | Noticed Natasha
  2046 | D:2      | Killed Natasha
  2147 | D:3      | Noticed Terence
  2161 | D:3      | Reached XP level 5. HP: 45/47 MP: 8/8
  2162 | D:3      | Killed Terence
  2184 | D:3      | Reached ** piety under Lugonu
  2534 | D:3      | Reached skill level 5 in Invocations
  2534 | D:3      | Reached XP level 6. HP: 49/53 MP: 9/9
  2584 | D:3      | Noticed Jessica
  2587 | D:3      | Noticed Ijyb
  2603 | D:3      | Killed Ijyb
  2609 | D:3      | Killed Jessica
  2986 | D:3      | Reached skill level 5 in Axes
  2986 | D:3      | Reached skill level 5 in Armour
  3424 | D:4      | Reached XP level 7. HP: 52/59 MP: 10/10
  3500 | D:4      | Reached skill level 7 in Fighting
  3842 | D:4      | Found an opulent altar of Gozag.
  3944 | D:4      | Reached *** piety under Lugonu
  4109 | D:5      | Entered Level 5 of the Dungeon
  4464 | D:5      | HP: 2/60 [orc priest/nerve-wracking pain (6)]
  4760 | D:4      | Slain by an ogre

Illustrated notes

Levels and vault maps discovered:
D:1:      scummos_arrival_checkerplants, layout_rooms
D:2:      layout_basic, lemuel_blue_sif_altar,
          chequers_temple_overflow_statue_of_worship, zin_purify, uniq_natasha
D:3:      minmay_door_path, layout_rooms, hangedman_decor_points, st_stairs_14,
          uniq_jessica, uniq_ijyb, uniq_terence
D:4:      layout_rooms, grunt_gozag_statues
D:5:      layout_rooms, minmay_temple_entry_proselytizer, basic_altar,
          brannock_xom_greatest_gift

Skill      XL: |  1  2  3  4  5  6  7 |
---------------+----------------------+-----
Short Blades   | 1 2 |  2.7
Long Blades    | 1 2 |  2.7
Maces & Flails | 1 2 |  2.7
Polearms       | 1 2 |  2.7
Staves         | 1 2 |  2.7
Slings         | 1 2 |  2.7
Bows           | 1 2 |  2.7
Crossbows      | 1 2 |  2.7
Throwing       | 1 2 |  2.7
Stealth        | 1 2 |  2.7
Shields        | 1 2 |  2.7
Unarmed Combat | 1 2 |  2.7
Spellcasting   | 1 2 |  2.7
Evocations     | 1 2 |  2.7
Conjurations   | 1 2 |  2.2
Hexes          | 1 2 |  2.2
Summonings     | 1 2 |  2.2
Necromancy     | 1 2 |  2.2
Translocations | 1 2 |  2.2
Transmutations | 1 2 |  2.2
Fire Magic     | 1 2 |  2.2
Ice Magic      | 1 2 |  2.2
Air Magic      | 1 2 |  2.2
Earth Magic    | 1 2 |  2.2
Poison Magic   | 1 2 |  2.2
Dodging        | 3 |  3.8
Invocations    | 5 |  5.5
Axes           | 5 |  5.3
Armour         | 5 |  5.3
Fighting       | 7 |  7.1

Action                   |  1- 3 |  4- 6 |  7- 9 || total
-------------------------+-------+-------+-------++-------
Melee: Hand axe          |    96 |   165 |   101 ||   362
       Bite              |    14 |    19 |    16 ||    49
       Punch             |     1 |     1 |     1 ||     3
Throw: Javelin           |       |     3 |     5 ||     8
Invok: Depart the Abyss  |     1 |       |       ||     1
  Use: Scroll            |     8 |     3 |       ||    11
 Stab: Sleeping          |     2 |       |       ||     2
Armor: Leather armour    |    24 |       |       ||    24
       Chain mail        |    27 |   134 |    73 ||   234
Dodge: Dodged            |    77 |    88 |    55 ||   220

Table legend: (Time is in decaauts)
 A = Elapsed time spent in this place.
 B = Non-inter-level travel time spent in this place.
 C = Inter-level travel time spent in this place.
 D = Time resting spent in this place.
 E = Time spent auto-exploring this place.
 F = Levels seen in this place.
 G = Mean time per level.
                   A        B        C        D        E       F      G
               +--------+--------+--------+--------+--------+-----+--------+
         Total |   4803 |   4744 |     59 |   1456 |   2326 |   6 |  800.5 |
       Dungeon |   4728 |   4669 |     59 |   1456 |   2272 |   5 |  945.6 |
         Abyss |     75 |     75 |      0 |      0 |     54 |   1 |   75.0 |
               +--------+--------+--------+--------+--------+-----+--------+

Top non-repeatable levels by time:
     D:3: 1381 daAuts
     D:2: 1256 daAuts
     D:4: 1141 daAuts
     D:1: 828 daAuts
     D:5: 120 daAuts
 Abyss:1: 75 daAuts
